 Dungeon Crawl Stone Soup version 0.31-a0-1074-g0b22e4e0f1 (webtiles) character file.

Game seed: 3476796194516653902

404698 Lobster4 the Portalist (level 24, -4/173 HPs)
             Began as a Djinni Ice Elementalist on Nov 28, 2023.
             Was the Champion of Nemelex Xobeh.
             Slain by a spark wasp simulacrum (12 damage)
             ... on level 2 of the Depths on Nov 29, 2023.
             The game lasted 05:14:29 (46914 turns).

Lobster4 the Portalist (Djinni Ice Elementalist)   Turns: 46914, Time: 05:14:30

Health: -4/173     AC: 25    Str: 11    XL:     24   Next: 49%
Gold:   2827       EV: 18    Int: 28    God:    Nemelex Xobeh [******] SH:  0 Dex: 20

rFire   + + .        a - +10 demon trident "Igelyqan" {vamp, rPois rC+ rCorr Int+3}
rCold   + . .        J - +5 kite shield {reflect}
rNeg    + . .        u - +9 ring mail of Defence {rC+ Regen+ Str+2}
rPois   ∞            f - +2 hood of the Assassin {Detect Stab+ Stlth++}
rElec   +            n - +1 cloak of Pipa {Will+ Dex+3}
rCorr   +            G - +2 pair of gloves
SInv    +            (boots unavailable)
Will    ++++.        P - amulet of regeneration
Stlth   ++           V - ring "Qiyrakox" {rN+ Will+ rCorr Int-3}
HPRegen 2.08/turn    T - ring "Foqyum" {rElec rPois Int+4 SInv}
MPRegen 0.00/turn

%: reflection, infuse magic (-5 HP)
@: confused, ambrosia-drunk, flying, studying 3 skills
A: sickness immunity, fire resistance 2, cold vulnerability 1, float, innate
caster, HP casting, extra vitality 1
}: 2/15 runes: decaying, serpentine
a: Renounce Religion, Draw Escape, Draw Destruction, Draw Summoning, Triple
Draw, Deal Four, Stack Five


You were on level 2 of the Depths.
You worshipped Nemelex Xobeh.
Nemelex Xobeh was exalted by your worship.
You visited 9 branches of the dungeon, and saw 40 of its levels.
You also visited: Bailey and Ice Cave.

You collected 6408 gold pieces.
You spent 3581 gold pieces at shops.

Inventory:

Hand Weapons
 a - the +10 demon trident "Igelyqan" (weapon) {vamp, rPois rC+ rCorr Int+3}
   (You acquired it on level 2 of the Vaults)

   Int+3:     It affects your intelligence (+3).
   rC+:       It protects you from cold.
   rPois:     It protects you from poison rCorr: It protects you from acid and
   corrosion.
 b - a +9 hand cannon of flaming
Armour
 f - the +2 hood of the Assassin (worn) {Detect Stab+ Stlth++}
   (You acquired it on level 9 of the Dungeon)

   Detect:    It allows the wearer to sense nearby creatures.
   Stab+:     It allows the wearer to make particularly effective stabbing
   attacks against helpless or unaware enemies with any weapon.
   Stlth++:   It makes you much more stealthy.
 n - the +1 cloak of Pipa (worn) {Will+ Dex+3}
   (You acquired it on level 1 of the Snake Pit)

   Dex+3:     It affects your dexterity (+3).
   Will+:     It increases your willpower.
 u - the +9 ring mail of Defence (worn) {rC+ Regen+ Str+2}
   (You bought it in a shop on level 2 of the Orcish Mines)

   Str+2:     It affects your strength (+2).
   rC+:       It protects you from cold.
   Regen+:    It increases your rate of health regeneration.
 G - a +2 pair of gloves (worn)
 J - a +5 kite shield of reflection (worn)
Magical Staves
 S - the staff of the Shrike {rPois Will++ rCorr Poison}
   (You found it in a bailey)

   [staff of poison]

   Base accuracy: +5 Base damage: 5 Base attack delay: 1.2 This weapon's minimum
   attack delay (0.6) is reached at skill level 12.
   rPois:     It protects you from poison Will++: It greatly increases your
   willpower.
   rCorr:     It protects you from acid and corrosion.
   Poison:    It increases the power of your Poison spells.
   It falls into the 'Staves' category.
   It is a one-handed weapon.
Jewellery
 p - the ring "Mong" {rC+ Will- rCorr EV+5}
   (You took it off a deep elf elementalist on level 3 of the Elven Halls)

   [ring of evasion]

   EV+5:      It affects your evasion (+5).
   rC+:       It protects you from cold.
   Will-:     It decreases your willpower.
   rCorr:     It protects you from acid and corrosion.
 C - the ring "Igaom" {Fly rC+ Will+}
   (You found it on level 9 of the Dungeon)

   [ring of flight]

   rC+:       It protects you from cold.
   Will+:     It increases your willpower.
   Fly:       It grants you flight.
 I - the ring of Quseozis {Ice rN+ SInv}
   (You bought it in a shop on level 1 of the Snake Pit)

   [ring of ice]

   Ice:       It enhances your ice magic.
   rF-:       It makes you vulnerable to fire.
   rC+:       It protects you from cold.
   rN+:       It protects you from negative energy.
   SInv:      It lets you see invisible.
 M - an amulet of the acrobat
 P - an amulet of regeneration (around neck)
 T - the ring "Foqyum" (right hand) {rElec rPois Int+4 SInv}
   (You found it on level 1 of the Snake Pit)

   [ring of see invisible]

   Int+4:     It affects your intelligence (+4).
   rElec:     It insulates you from electricity.
   rPois:     It protects you from poison SInv: It lets you see invisible.
 V - the ring "Qiyrakox" (left hand) {rN+ Will+ rCorr Int-3}
   (You found it in an ice cave)

   [ring of resist corrosion]

   Int-3:     It affects your intelligence (-3).
   rN+:       It protects you from negative energy.
   Will+:     It increases your willpower.
   rCorr:     It protects you from acid and corrosion.
 W - the ring "Udotub Kaq" {rElec Will+ Stlth+}
   (You bought it in a shop on level 1 of the Snake Pit)

   [ring of willpower]

   rElec:     It insulates you from electricity.
   Will+:     It increases your willpower.
   Stlth+:    It makes you more stealthy.
Wands
 c - a wand of polymorph (33)
 i - a wand of paralysis (34)
 k - a wand of quicksilver (20)
 F - a wand of roots (14)
 L - a wand of flame (47)
 U - a wand of mindburst (31)
 X - a wand of digging (14)
Scrolls
 g - 2 scrolls of silence
 h - 11 scrolls of teleportation
 j - 6 scrolls of blinking
 t - 6 scrolls of enchant weapon
 B - 11 scrolls of fear
 E - 3 scrolls of summoning
 H - 3 scrolls of poison
 K - a scroll of enchant armour
 N - 2 scrolls of immolation
 R - 4 scrolls of revelation
 Y - 4 scrolls of fog
 Z - 3 scrolls of vulnerability
Potions
 d - 3 potions of cancellation
 e - 2 potions of heal wounds
 l - 10 potions of lignification
 m - 2 potions of enlightenment
 r - 10 potions of haste
 s - 10 potions of might
 v - 3 potions of brilliance
 w - 3 potions of berserk rage
 x - 13 potions of invisibility
 y - 7 potions of attraction
 z - 27 potions of curing
 A - 5 potions of resistance
 Q - 10 potions of mutation
Miscellaneous
 o - a lightning rod (4/4)
 D - a phantom mirror


   Skills:
 - Level 15.0 Fighting
 - Level 5.0 Long Blades
 - Level 9.5(10.0) Polearms
 - Level 5.0(8.3) Staves
 - Level 5.0 Ranged Weapons
 - Level 13.0 Armour
 - Level 14.0 Dodging
 - Level 2.0 Stealth
 - Level 15.0 Shields
 + Level 20.9 Spellcasting
 + Level 20.9 Conjurations
 + Level 20.9 Hexes
 + Level 20.9 Summonings
 + Level 20.9 Necromancy
 + Level 24.6 Translocations
 + Level 20.9 Transmutations
 + Level 20.9 Fire Magic
 + Level 20.9 Ice Magic
 + Level 21.3 Air Magic
 + Level 20.9 Earth Magic
 + Level 20.9 Poison Magic
 - Level 5.0 Invocations
 - Level 5.0 Evocations


You knew the following spells:

 Your Spells              Type           Power      Damage    Failure   Level
a - Freeze                Ice            100%       1d10      0%          1
b - Ozocubu's Armour      Ice            98%        N/A       0%          3
c - Frozen Ramparts       Ice            100%       1d16      0%          3
d - Summon Ice Beast      Ice/Summ       98%        N/A       0%          4
e - Freezing Cloud        Conj/Ice/Air   49%        6-21      1%          5
f - Sticky Flame          Conj/Fire      98%        2d11      0%          4
g - Plasma Beam           Fire/Air       49%        2x1d64    1%          6
h - Olgreb's Toxic Radia  Pois           98%        N/A       0%          4
i - Wereblood             Tmut           98%        N/A       0%          2
j - Simulacrum            Ice/Necr       49%        N/A       1%          6
k - Call Canine Familiar  Summ           98%        N/A       0%          3
l - Conjure Ball Lightni  Conj/Air       49%        3x3d17    1%          6
o - Orb of Destruction    Conj           49%        9d13      1%          7
s - Slow                  Hex            100%       N/A       0%          1
y - Lehudib's Crystal Sp  Conj/Erth      49%        10d12     6%          8
Your spell library was empty.

Dungeon Overview and Level Annotations

Branches:
Dungeon (15/15)            Temple (1/1) D:7            Lair (5/5) D:10
  Swamp (4/4) Lair:2        Snake (4/4) Lair:2        Slime (0/5) Lair:5
    Orc (2/2) D:10            Elf (3/3) Orc:2        Vaults (4/5) D:14
  Crypt (0/3) Vaults:3     Depths (2/4) D:15         Bailey (visited)
  IceCv (visited)

Altars:
Ashenzari
Cheibriados
Dithmenos
Elyvilon
Fedhas
Gozag
Hepliaklqana
Makhleb
Nemelex Xobeh
Okawaru
Qazlal
Ru
Trog
Uskayaw
Wu Jian
Xom
Yredelemnul
Zin
The Shining One
Lugonu

Shops:
D:13 [   Orc:2 [[*=   Snake:1 ==   Vaults:1 =   Vaults:2 ?:(

Portals:
Hell: Depths:1
Trove: D:12 (give 8 scrolls of fog)

Annotations:
Swamp:2 2 transporters, Pokonic1's ghost, journeyman DsFE


Innate Abilities, Weirdness & Mutations

You are immune to sickness and miasma.
You are immune to poison.
Your flesh is very heat resistant. (rF++)
You are vulnerable to cold. (rC-)
You float through the air rather than walking.
You learn spells naturally, not from books.
Your magical power is your life essence.
You have superior vitality. (+4 MHP)


Message History

The storm dragon simulacrum freezes your tengu reaver simulacrum.
Your tengu reaver simulacrum completely resists.
The storm dragon simulacrum barely misses your tengu reaver simulacrum.
Your tengu reaver simulacrum hits the storm dragon simulacrum!
Your tengu reaver simulacrum freezes the storm dragon simulacrum.
The storm dragon simulacrum completely resists.
Your tengu reaver simulacrum pecks the storm dragon simulacrum but does no damage.
Your tengu reaver simulacrum claws the storm dragon simulacrum but does no damage.
You feel much better.
You are no longer corroded.
Your spriggan defender simulacrum hits the spriggan defender simulacrum!
Your spriggan defender simulacrum freezes the spriggan defender simulacrum.
The spriggan defender simulacrum completely resists.
The spriggan defender simulacrum completely misses you.
The spark wasp simulacrum misses you.
Your spriggan defender simulacrum hits the spriggan defender simulacrum.
Your spriggan defender simulacrum freezes the spriggan defender simulacrum.
The spriggan defender simulacrum completely resists.
The spriggan defender simulacrum misses you.
The storm dragon simulacrum bites your tengu reaver simulacrum!
The storm dragon simulacrum freezes your tengu reaver simulacrum.
Your tengu reaver simulacrum completely resists.
The storm dragon simulacrum misses your tengu reaver simulacrum. x2
An occultist comes into view. It is wielding a +0 dagger.
The spark wasp simulacrum hits you but does no damage.
Your spriggan defender simulacrum barely misses the spriggan defender simulacrum.
Your tengu reaver simulacrum closely misses the storm dragon simulacrum.
Your tengu reaver simulacrum pecks the storm dragon simulacrum but does no damage.
Your tengu reaver simulacrum claws the storm dragon simulacrum but does no damage.
The spriggan defender simulacrum attacks as it pursues you!
The spriggan defender simulacrum hits you!
* * * LOW HITPOINT WARNING * * *
The spriggan defender simulacrum freezes you!!
You resist.
* * * LOW HITPOINT WARNING * * *
The spark wasp simulacrum hits you!
* * * LOW HITPOINT WARNING * * *
The spark wasp simulacrum freezes you! You resist.
You die...
Your body glows with a rainbow of weird colours and disappears. #### ...§.... ....... ...☼.. [☼ZC

#######Z#################
.....§Z§§................
.....○§.Z§)..............
.......Z@................ ##
######################### ....
.....≈≈≈≈##≈≈≈......... ≈≈..
≈≈≈≈≈≈≈≈≈≈≈≈≈≈≈≈≈≈≈≈≈≈. ≈≈≈≈
≈≈≈≈≈≈..≈≈≈....≈≈≈≈≈≈≈≈ ≈≈≈≈
..........≈≈≈.......≈≈≈ ..~.
######.....~...........≈
...#######^...###.........≈≈≈....
####............##.....≈≈≈≈≈≈≈≈≈.


You could see a storm dragon simulacrum (ally target), a spriggan defender
simulacrum (ally target), a spark wasp simulacrum, a friendly spriggan defender
simulacrum and a friendly tengu reaver simulacrum.

Vanquished Creatures
  Boris (Vaults:3)
  Norris (Vaults:1)
  A lich (Depths:2)
  Asterion (Vaults:1)
  A titan (Vaults:4)
  A walking divine tome (Depths:2)
  2 sphinxes
  Frances (Elf:1)
  3 thorn hunters (Swamp:2)
  Agnes (Lair:2)
  The ghost of Qaoc the Severer, an adept FoFi of Hepliaklqana (Snake:1)
  2 storm dragons (Depths:2)
  2 tengu reavers
  A revenant (Vaults:3)
  Donald (Elf:1)
  3 nagarajas (Snake:4)
  A deep elf sorcerer (Elf:3)
  A fire giant (Depths:2)
  Aizul (Vaults:1)
  7 vault wardens
  4 deep elf elementalists (Elf:3)
  3 war gargoyles
  2 ironbound preservers
  5 orc warlords
  A spriggan defender (Depths:2)
  An ironbound thunderhulk (Vaults:4)
  A stone giant (Depths:2)
  A formless jellyfish (Vaults:3)
  2 very ugly things (Depths:2)
  The ghost of sammy202020 the Peltast, a journeyman GrFi of Gozag (D:15)
  10 deep elf demonologists
  3 deep elf annihilators (Elf:3)
  A dire elephant (Vaults:2)
  A white draconian (IceCv)
  2 ettins (Vaults:4)
  A crystal guardian (Vaults:1)
  A deep elf death mage (Vaults:3)
  2 jiangshi (Depths:1)
  A green death (Snake:2)
  3 fire dragons
  A deep elf high priest (Elf:3)
  Harold (D:10)
  6 yaktaur captains
  A peacekeeper (Vaults:1)
  2 spriggan air magi
  2 great orbs of eyes
  2 hydras
  2 vault guards
  2 ironbound frosthearts
  3 anacondas
  2 death knights (Vaults:3)
  5 boulder beetles
  4 dancing weapons
  3 death yaks (Lair:3)
  4 centaur warriors
  4 naga warriors
  3 vampire magi
  2 two-headed ogres
  3 naga sharpshooters
  6 hell knights
  2 orc high priests
  A deep troll earth mage (Depths:1)
  A spriggan berserker (Depths:1)
  7 tengu warriors
  2 shock serpents
  Urug (D:10)
  11 deep elf knights
  A storm dragon zombie (D:15)
  2 deep trolls (Vaults:1)
  2 salamander mystics
  3 spriggan druids
  3 skeletal warriors (D:15)
  A flayed ghost (Depths:1)
  4 lindwurms
  5 naga ritualists
  A goliath frog (Swamp:1)
  9 deep elf archers
  A spriggan rider (Depths:1)
  8 ironbound convokers
  Pikel (D:7)
  2 orange crystal statues
  2 swamp dragons (Swamp:3)
  3 necromancers
  3 arcanists
  15 deep elf pyromancers
  6 orc knights
  An oklob plant (Swamp:2)
  4 mana vipers (Snake:1)
  2 harpies (D:15)
  14 deep elf zephyrmancers
  7 orc sorcerers
  2 manticores
  7 salamanders
  18 ugly things
  2 ice statues (IceCv)
  3 elephants (Lair:3)
  A gargoyle (D:13)
  An eye of devastation (shapeshifter) (Vaults:4)
  12 vault sentinels
  2 guardian serpents (Snake:4)
  7 naga magi
  8 black mambas
  A torpor snail (Lair:3)
  3 unseen horrors
  12 cane toads
  5 kobold demonologists
  12 yaktaurs
  A freezing wraith (D:14)
  6 rime drakes
  9 komodo dragons
  An ice devil (Orc:1)
  A guardian mummy (D:12)
  A meliai (shapeshifter) (D:15)
  A wind drake (D:14)
  5 trolls
  2 meliai (Depths:2)
  3 hornets
  3 tyrant leeches
  2 polar bears
  9 blink frogs
  A hornet (shapeshifter) (D:14)
  4 dream sheep (Lair:4)
  6 slime creatures
  4 air elementals
  2 centaur simulacra
  Sigmund (D:2)
  4 spriggans
  10 water elementals
  2 fire elementals
  A jumping spider (D:14)
  24 yaks
  2 wyverns
  A golden eye (shapeshifter) (D:14)
  2 redbacks (Vaults:2)
  A hog (D:14)
  5 vampire mosquitoes
  4 wargs
  16 nagas
  2 steam dragons
  5 swamp worms
  Duvessa (D:7)
  5 water moccasins
  A hell hound (Lair:5)
  27 orc warriors
  3 sky beasts
  2 black bears
  7 ogres
  A boggart (D:15)
  9 centaurs
  4 lemures (D:7)
  2 kobold brigands (D:13)
  2 gnoll sergeants (D:6)
  8 bullfrogs
  7 scorpions
  9 wights
  Dowan (D:7)
  5 killer bees (D:7)
  3 lindwurm simulacra (IceCv)
  4 howler monkeys
  5 electric eels
  2 komodo dragon simulacra (IceCv)
  3 hounds (D:6)
  3 jellies
  17 orc priests
  2 gnoll boudas
  2 sleepcaps (D:6)
  12 hell rats
  An iguana (D:7)
  42 orc wizards
  A polar bear simulacrum (Lair:3)
  4 yak simulacra (Lair:3)
  2 wolf simulacra (Lair:3)
  Robin (D:2)
  12 gnolls
  3 acid dragon simulacra (IceCv)
  11 adders
  2 shadow imps
  2 white imps
  2 steam dragon simulacra (IceCv)
  2 worms
  2 dart slugs
  73 orcs
  8 endoplasms
  A giant cockroach (D:2)
  28 goblins
  20 hobgoblins
  9 jackals
  2 quokkas
  7 ball pythons
  5 bats
  A frilled lizard (D:1)
  10 kobolds
  10 rats
  A river rat simulacrum (Lair:3)
908 creatures vanquished.

Vanquished Creatures (collateral kills)
  Margery (Vaults:4)
  Nikola (Vaults:3)
  3 tentacled monstrosities
  3 sphinxes
  A lich (Depths:2)
  A quicksilver dragon (Elf:2)
  2 deep elf blademasters (Elf:3)
  3 tengu reavers
  A thorn hunter (Swamp:2)
  10 nagarajas (Snake:4)
  5 frost giants
  2 fire giants (Depths:2)
  A vault warden (Vaults:3)
  3 deep elf sorcerers (Elf:3)
  9 ironbound preservers
  2 deep elf elementalists (Elf:3)
  3 spriggan defenders (Depths:2)
  4 very ugly things
  3 stone giants
  3 ironbound thunderhulks
  A vampire knight (Depths:1)
  4 eleionomae
  9 dire elephants
  4 bunyips
  3 spark wasps (Depths:2)
  4 deep elf death magi (Elf:3)
  The ghost of sammy202020 the Protected, a journeyman GrFi of Gozag (D:13)
  A merfolk impaler (Depths:2)
  7 ettins
  2 fire dragons (Depths:2)
  A green death (Snake:2)
  2 vault guards
  4 shambling mangroves
  2 salamander tyrants (Snake:4)
  A deep elf high priest (Elf:3)
  2 rakshasas (Depths:2)
  5 ironbound frosthearts
  2 ice dragons
  5 yaktaur captains
  2 peacekeepers
  5 anacondas
  6 centaur warriors
  17 hydras
  A boulder beetle (Vaults:1)
  21 dancing weapons
  A radroach (shapeshifter) (Vaults:2)
  A ghost crab (Swamp:1)
  3 great orbs of eyes
  8 alligators
  A two-headed ogre (D:8)
  15 naga warriors
  A catoblepas (D:15)
  A deep troll earth mage (Depths:1)
  A death yak (Lair:3)
  2 tengu warriors
  A shock serpent (Snake:3)
  11 hell knights
  2 spriggan berserkers
  6 naga sharpshooters
  2 deep elf knights (Elf:2)
  A storm dragon zombie (D:15)
  A skyshark (Vaults:1)
  3 spriggan riders
  A salamander mystic (Snake:4)
  2 iron trolls (Depths:1)
  A death drake (Vaults:2)
  2 glowing orange brains
  5 goliath frogs
  12 deep trolls
  3 deep elf archers
  A sea snake (Vaults:2)
  7 naga ritualists
  9 spriggan druids
  11 swamp dragons
  2 orc knights (Vaults:1)
  11 bog bodies
  2 harpies (D:15)
  3 ironbound convokers
  A lindwurm (shapeshifter) (Depths:2)
  6 lindwurms
  A steelbarb worm (shapeshifter) (Elf:1)
  4 necromancers
  4 ugly things
  3 arcanists
  10 deep elf zephyrmancers
  5 orc sorcerers
  An oklob plant (Swamp:2)
  15 deep elf pyromancers
  A manticore (Lair:5)
  6 mana vipers
  5 will-o-the-wisps
  11 salamanders
  19 black mambas
  Joseph (D:7)
  An elephant (Lair:3)
  An eye of devastation (Vaults:1)
  5 guardian serpents (Snake:4)
  10 cane toads
  9 vault sentinels
  13 naga magi
  2 rime drakes (Lair:5)
  6 yaktaurs
  A komodo dragon (Lair:3)
  An ice devil (Orc:1)
  3 tengu conjurers
  10 tyrant leeches
  A guardian mummy (D:12)
  2 trolls
  2 polar bears (Lair:3)
  10 blink frogs
  9 hornets
  A tarantella (Vaults:2)
  A blink frog (shapeshifter) (Elf:1)
  3 dream sheep (Lair:4)
  A centaur simulacrum (D:14)
  A culicivora (Elf:2)
  6 water elementals
  4 spriggans
  An air elemental (Elf:2)
  2 wraiths
  15 slime creatures
  5 wyverns (Lair:5)
  12 yaks
  7 basilisks
  4 fire elementals
  A redback (Vaults:2)
  2 vampire mosquitoes (Lair:5)
  4 wargs (Orc:2)
  An acid dragon (D:13)
  12 swamp worms
  23 nagas
  7 water moccasins
  8 swamp drakes
  10 orc warriors
  A sky beast (D:8)
  A centaur (D:13)
  An ogre (Orc:1)
  8 bullfrogs
  A gnoll sergeant (D:12)
  3 earth elementals
  10 wights
  4 komodo dragon simulacra (IceCv)
  4 jellies
  2 orc priests (Orc:2)
  A gnoll bouda (D:7)
  An iguana (D:7)
  4 orc wizards
  A hell rat (Lair:4)
  A yak simulacrum (Lair:3)
  A human simulacrum (D:14)
  6 gnolls
  4 acid dragon simulacra (IceCv)
  A shadow imp (D:7)
  3 steam dragon simulacra (IceCv)
  12 orcs
  4 goblins
  2 hobgoblins (Bailey)
  2 river rat simulacra (Lair:3)
  A spectral weapon (Vaults:1)
695 creatures vanquished.

Vanquished Creatures (others)
  The ghost of Kuhuqe the Executioner, an adept HOFi of Gozag (Snake:1)
  2 bloated husks
  2 air elementals
  A human simulacrum (D:14)
  An orc (Orc:2)
  10 ball lightnings
  17 foxfires
34 creatures vanquished.

Grand Total: 1637 creatures vanquished

Notes
Turn   | Place    | Note
-------+----------+-------------------------------------------
     0 | D:1      | Lobster4 the Djinni Ice Elementalist began the quest for
                  | the Orb.
     0 | D:1      | Lobster4 set off with the following spells memorised:
                  | Freeze, Frozen Ramparts, Ozocubu's Armour, Summon Ice
                  | Beast.
     0 | D:1      | Reached XP level 1. HP: 15/15 MP: 0/0
   255 | D:1      | Reached XP level 2. HP: 13/21 MP: 0/0
   506 | D:1      | Reached XP level 3. HP: 25/25 MP: 0/0
   506 | D:1      | Learned a level 1 spell: Slow
  1017 | D:2      | Reached skill level 4 in Translocations
  1154 | D:2      | Reached XP level 4. HP: 28/31 MP: 0/0
  1214 | D:2      | Noticed Sigmund
  1240 | D:2      | Killed Sigmund
  1241 | D:2      | Reached XP level 5. HP: 6/38 MP: 0/0
  1241 | D:2      | Learned a level 2 spell: Wereblood
  1241 | D:2      | Reached XP level 6. HP: 7/43 MP: 0/0
  1412 | D:2      | Noticed Robin
  1424 | D:2      | Killed Robin
  3738 | D:4      | Reached XP level 7. HP: 47/50 MP: 0/0
  3738 | D:4      | Learned a level 3 spell: Call Canine Familiar
  3811 | D:4      | Reached skill level 5 in Spellcasting
  3811 | D:4      | Reached skill level 5 in Conjurations
  3811 | D:4      | Reached skill level 5 in Hexes
  3811 | D:4      | Reached skill level 5 in Summonings
  3811 | D:4      | Reached skill level 5 in Necromancy
  3811 | D:4      | Reached skill level 5 in Translocations
  3811 | D:4      | Reached skill level 5 in Transmutations
  3811 | D:4      | Reached skill level 5 in Fire Magic
  3811 | D:4      | Reached skill level 5 in Ice Magic
  3811 | D:4      | Reached skill level 5 in Air Magic
  3811 | D:4      | Reached skill level 5 in Earth Magic
  3811 | D:4      | Reached skill level 5 in Poison Magic
  4124 | D:5      | Entered Level 5 of the Dungeon
  4449 | D:5      | Reached XP level 8. HP: 53/56 MP: 0/0
  4505 | D:5      | Reached skill level 6 in Translocations
  5156 | D:5      | Found an ornate altar of the Wu Jian Council.
  5368 | D:6      | Reached skill level 7 in Translocations
  5483 | D:6      | Reached XP level 9. HP: 53/60 MP: 0/0
  5483 | D:6      | Learned a level 4 spell: Olgreb's Toxic Radiance
  5620 | D:6      | Noticed a troll
  5627 | D:6      | Reached skill level 8 in Translocations
  5729 | D:6      | Reached skill level 9 in Translocations
  5731 | D:6      | Killed a troll
  6108 | D:6      | Reached skill level 1 in Evocations
  6128 | D:6      | Reached XP level 10. HP: 37/67 MP: 0/0
  6656 | D:7      | Noticed Dowan
  6739 | D:7      | Noticed Joseph
  6753 | D:7      | Killed Joseph
  6904 | D:7      | Reached skill level 10 in Spellcasting
  6904 | D:7      | Reached skill level 10 in Conjurations
  6904 | D:7      | Reached skill level 10 in Hexes
  6904 | D:7      | Reached skill level 10 in Summonings
  6904 | D:7      | Reached skill level 10 in Necromancy
  6904 | D:7      | Reached skill level 10 in Translocations
  6904 | D:7      | Reached skill level 10 in Transmutations
  6904 | D:7      | Reached skill level 10 in Fire Magic
  6904 | D:7      | Reached skill level 10 in Ice Magic
  6904 | D:7      | Reached skill level 10 in Air Magic
  6904 | D:7      | Reached skill level 10 in Earth Magic
  6904 | D:7      | Reached skill level 10 in Poison Magic
  7160 | D:7      | Found a staircase to the Ecumenical Temple.
  7187 | Temple   | Entered the Ecumenical Temple
  7200 | Temple   | Became a worshipper of Nemelex Xobeh the Trickster
  7307 | D:7      | Noticed Duvessa
  7586 | D:8      | Noticed a two-headed ogre
  7595 | D:8      | Killed a two-headed ogre
  7997 | D:8      | Found a broken altar of Ashenzari.
  8727 | D:9      | Identified the ring "Igaom" {Fly rC+ Will+}
  8735 | D:9      | Identified the +0 pair of gloves of the Original Sin {Harm}
  8742 | D:9      | Identified a scroll of acquirement
  8742 | D:9      | Acquired the +2 hood of the Assassin {Detect Stab+ Stlth++}
  8742 | D:9      | Found the +2 hood of the Assassin {Detect Stab+ Stlth++}
  8846 | D:9      | Reached XP level 11. HP: 61/71 MP: 0/0
  8846 | D:9      | Learned a level 4 spell: Sticky Flame
  8939 | D:9      | Found a runed translucent door.
  8956 | D:9      | Found a runed translucent door.
  8967 | D:9      | Identified the +4 scale mail of Parts Unknown {Rampage
                  | Regen+ Slay+3}
  8984 | D:9      | Found a flagged portal.
  8993 | Bailey   | Entered a bailey
  8993 | Bailey   | Reached * piety under Nemelex Xobeh
  9126 | Bailey   | Reached skill level 11 in Translocations
  9639 | Bailey   | Noticed an orc warlord
  9688 | Bailey   | Killed an orc warlord
  9862 | Bailey   | Identified the staff of the Shrike {rPois Will++ rCorr
                  | Poison}
 10061 | D:9      | Found a shadowy altar of Dithmenos.
 10064 | D:9      | Found a snail-covered altar of Cheibriados.
 10065 | D:9      | Found a burning altar of Makhleb.
 10065 | D:9      | Found an iron altar of Okawaru.
 10084 | D:9      | Noticed a two-headed ogre
 10090 | D:9      | Killed a two-headed ogre
 10091 | D:9      | Reached skill level 12 in Translocations
 10150 | D:9      | Found a runed translucent door.
 10168 | D:9      | Found a runed translucent door.
 10391 | D:9      | Noticed an orange crystal statue
 10434 | D:10     | Entered Level 10 of the Dungeon
 10434 | D:10     | Received a gift from Nemelex Xobeh
 10494 | D:10     | Found a staircase to the Orcish Mines.
 10498 | D:10     | Noticed Urug
 10526 | D:10     | Killed Urug
 10667 | D:10     | Noticed Harold
 10679 | D:10     | Killed Harold
 10680 | D:10     | Reached XP level 12. HP: 55/78 MP: 0/0
 10750 | D:10     | Found a staircase to the Lair.
 10775 | D:10     | Noticed a centaur warrior
 10807 | D:10     | Killed a centaur warrior
 10925 | D:10     | Reached ** piety under Nemelex Xobeh
 11119 | D:11     | Noticed a boulder beetle
 11132 | D:11     | Killed a boulder beetle
 11146 | D:11     | Reached skill level 5 in Dodging
 11268 | D:11     | Reached skill level 5 in Fighting
 11268 | D:11     | Reached skill level 5 in Armour
 11458 | D:11     | Received a gift from Nemelex Xobeh
 11775 | D:11     | Received a gift from Nemelex Xobeh
 11782 | D:11     | Reached *** piety under Nemelex Xobeh
 11861 | Orc:1    | Entered Level 1 of the Orcish Mines
 11899 | Orc:1    | Found a frozen archway.
 11913 | Orc:1    | Reached skill level 5 in Long Blades
 11943 | IceCv    | Entered an ice cave
 11994 | IceCv    | Reached skill level 1 in Staves
 12275 | IceCv    | Noticed a white draconian
 12322 | IceCv    | Killed a white draconian
 12389 | IceCv    | Identified the ring "Qiyrakox" {rN+ Will+ rCorr Int-3}
 12412 | IceCv    | Identified the ring of Xyised {*Slow rElec MP+9 Str+2
                  | Stlth+}
 12778 | Orc:1    | Reached XP level 13. HP: 80/87 MP: 0/0
 12778 | Orc:1    | Learned a level 5 spell: Freezing Cloud
 12921 | Orc:2    | Entered Level 2 of the Orcish Mines
 13416 | Orc:2    | Found Olufret's Armour Emporium.
 13422 | Orc:2    | Reached skill level 5 in Evocations
 13495 | Orc:2    | Found Pylatwem's Armour Shop.
 13506 | Orc:2    | Bought the +9 ring mail of Defence {rC+ Regen+ Str+2} for
                  | 1142 gold pieces
 13641 | Orc:2    | Found Davu Puirutt's Jewellery Shop.
 13641 | Orc:2    | Found Gothruleu's Assorted Antiques.
 13655 | Orc:2    | Bought a scroll labelled MISUPE HOSKOMUKH for 29 gold
                  | pieces
 13696 | Orc:2    | Found a staircase to the Elven Halls.
 13804 | Orc:2    | Received a gift from Nemelex Xobeh
 14309 | Lair:1   | Entered Level 1 of the Lair of Beasts
 14417 | Lair:1   | Reached **** piety under Nemelex Xobeh
 14625 | Lair:1   | Received a gift from Nemelex Xobeh
 15161 | Lair:2   | Reached XP level 14. HP: 96/96 MP: 0/0
 15573 | Lair:2   | Received a gift from Nemelex Xobeh
 15778 | Lair:2   | You are sucked into a shaft and drop 2 floors!
 15792 | Lair:4   | Reached ***** piety under Nemelex Xobeh
 15864 | Lair:3   | Reached skill level 5 in Staves
 15988 | Lair:2   | Reached skill level 13 in Translocations
 16044 | Lair:2   | Found a staircase to the Swamp.
 16100 | Lair:2   | Received a gift from Nemelex Xobeh
 16280 | Lair:2   | Found a staircase to the Snake Pit.
 17181 | Lair:3   | Received a gift from Nemelex Xobeh
 17485 | Lair:4   | Received a gift from Nemelex Xobeh
 17736 | Lair:5   | Entered Level 5 of the Lair of Beasts
 17764 | Lair:5   | Reached skill level 10 in Dodging
 17839 | Lair:5   | Received a gift from Nemelex Xobeh
 17909 | Lair:5   | Reached XP level 15. HP: 89/106 MP: 0/0
 17909 | Lair:5   | Learned a level 6 spell: Conjure Ball Lightning
 18088 | Lair:5   | Received a gift from Nemelex Xobeh
 18314 | Lair:5   | Reached ****** piety under Nemelex Xobeh
 18323 | Lair:5   | Found a staircase to the Slime Pits.
 18500 | Lair:5   | Received a gift from Nemelex Xobeh
 18634 | Lair:5   | Reached skill level 10 in Fighting
 18634 | Lair:5   | Reached skill level 10 in Armour
 19401 | D:12     | Received a gift from Nemelex Xobeh
 19809 | D:12     | Received a gift from Nemelex Xobeh
 19847 | D:12     | Found a portal to a secret trove of treasure.
 20059 | D:12     | Reached skill level 14 in Translocations
 20264 | D:13     | Found a runed translucent door.
 20307 | D:13     | Received a gift from Nemelex Xobeh
 20418 | D:13     | Reached skill level 1 in Shields
 20529 | D:13     | Found a corrupted altar of Lugonu.
 20635 | D:13     | Found Nyelolab's Armour Emporium.
 20745 | D:13     | Noticed sammy202020's ghost (journeyman GrFi)
 20913 | D:14     | Received a gift from Nemelex Xobeh
 21268 | D:14     | Found a gate to the Vaults.
 21395 | D:14     | Reached skill level 5 in Shields
 21395 | D:14     | Reached XP level 16. HP: 85/113 MP: 0/0
 22271 | D:15     | Entered Level 15 of the Dungeon
 22285 | D:15     | Reached XP level 17. HP: 119/119 MP: 0/0
 22285 | D:15     | Learned a level 6 spell: Simulacrum
 22341 | D:15     | Received a gift from Nemelex Xobeh
 22480 | D:15     | Reached skill level 15 in Spellcasting
 22480 | D:15     | Reached skill level 15 in Conjurations
 22480 | D:15     | Reached skill level 15 in Hexes
 22480 | D:15     | Reached skill level 15 in Summonings
 22480 | D:15     | Reached skill level 15 in Necromancy
 22480 | D:15     | Reached skill level 15 in Translocations
 22480 | D:15     | Reached skill level 15 in Transmutations
 22480 | D:15     | Reached skill level 15 in Fire Magic
 22480 | D:15     | Reached skill level 15 in Ice Magic
 22480 | D:15     | Reached skill level 15 in Air Magic
 22480 | D:15     | Reached skill level 15 in Earth Magic
 22480 | D:15     | Reached skill level 15 in Poison Magic
 22800 | D:15     | Noticed sammy202020's ghost (journeyman GrFi)
 22801 | D:15     | Found a runed translucent door.
 22802 | D:15     | Identified the +1 trident of Evusim {heavy, rCorr Str-3
                  | Int-2 Dex+8}
 22952 | D:15     | Found a staircase to the Depths.
 23613 | D:15     | Killed sammy202020's ghost
 23766 | D:15     | Identified the +3 cloak "Lokkol" {Dex+2}
 24024 | D:7      | Noticed Pikel
 24031 | D:7      | Killed Pikel
 24158 | D:7      | Received a gift from Nemelex Xobeh
 24207 | D:7      | Killed Dowan
 24213 | D:7      | Killed Duvessa
 24525 | D:13     | Killed sammy202020's ghost
 24700 | Snake:1  | Entered Level 1 of the Snake Pit
 24700 | Snake:1  | Noticed Qaoc's ghost (adept FoFi)
 24700 | Snake:1  | Noticed Kuhuqe's ghost (adept HOFi)
 24700 | Snake:1  | Noticed Agnes
 24700 | Snake:1  | Found a runed translucent gate.
 24700 | Snake:1  | Found a runed translucent gate.
 24700 | Snake:1  | Found a runed translucent gate.
 24719 | Lair:2   | Killed Agnes
 24790 | Snake:1  | Acquired 817 gold pieces
 24792 | Snake:1  | Acquired the +1 cloak of Pipa {Will+ Dex+3}
 24938 | Snake:1  | Received a gift from Nemelex Xobeh
 25018 | Snake:1  | Found Kuiranif's Jewellery Emporium.
 25022 | Snake:1  | Found Foataide's Jewellery Shoppe.
 25120 | Snake:1  | Reached skill level 10 in Shields
 25227 | Snake:1  | Received a gift from Nemelex Xobeh
 25805 | Snake:2  | Found a blossoming altar of Fedhas.
 25860 | Snake:2  | Acquired a manual of Translocations
 25937 | Snake:2  | Found a runed translucent door.
 26161 | Snake:2  | Reached XP level 18. HP: 114/124 MP: 0/0
 26402 | Snake:2  | Reached skill level 16 in Translocations
 26526 | Snake:2  | Received a gift from Nemelex Xobeh
 26800 | Snake:3  | Received a gift from Nemelex Xobeh
 27068 | Snake:3  | Received a gift from Nemelex Xobeh
 27295 | Snake:4  | Entered Level 4 of the Snake Pit
 27943 | Snake:4  | Received a gift from Nemelex Xobeh
 28121 | Snake:4  | Identified the +0 flail "Vemuast" {pain, rC+ SInv}
 28323 | Snake:4  | Reached skill level 17 in Translocations
 28323 | Snake:4  | Reached XP level 19. HP: 134/134 MP: 0/0
 28323 | Snake:4  | Learned a level 6 spell: Plasma Beam
 28330 | Snake:4  | Got a serpentine rune of Zot
 28534 | Snake:4  | Received a gift from Nemelex Xobeh
 28786 | Snake:1  | Bought the ring of Quseozis {Ice rN+ SInv} for 646 gold
                  | pieces
 28971 | Elf:1    | Entered Level 1 of the Elven Halls
 29291 | Elf:1    | Noticed Frances
 29307 | Elf:1    | Killed Frances
 29499 | Elf:1    | Noticed Donald
 29502 | Elf:1    | Noticed a Brimstone Fiend
 29505 | Elf:1    | Reached skill level 18 in Translocations
 29597 | Elf:1    | Received a gift from Nemelex Xobeh
 29802 | Elf:1    | Noticed a Tzitzimitl
 29804 | Elf:1    | Noticed a Brimstone Fiend
 29889 | Elf:1    | Killed Donald
 30412 | Elf:2    | Paralysed by an air elemental for 1 turns
 30649 | Elf:2    | Received a gift from Nemelex Xobeh
 30767 | Elf:2    | Paralysed by an air elemental for 1 turns
 30772 | Elf:2    | Paralysed by an air elemental for 1 turns
 30866 | Elf:2    | Reached skill level 19 in Translocations
 30887 | Elf:2    | Found a huge runed translucent gate.
 30887 | Elf:2    | Found a huge runed translucent gate.
 30887 | Elf:2    | Found a huge runed translucent gate.
 30887 | Elf:2    | Found a huge runed translucent gate.
 30887 | Elf:2    | Found a huge runed translucent gate.
 31100 | Elf:2    | Received a gift from Nemelex Xobeh
 31286 | Elf:3    | Entered Level 3 of the Elven Halls
 31520 | Elf:2    | Reached skill level 1 in Ranged Weapons
 31569 | Elf:2    | Reached skill level 1 in Polearms
 31653 | Elf:2    | Noticed a deep elf blademaster
 31664 | Elf:2    | a deep elf blademaster changed into a quicksilver dragon
 31666 | Elf:2    | Reached XP level 20. HP: 57/144 MP: 0/0
 32127 | Elf:2    | Received a gift from Nemelex Xobeh
 32501 | Elf:3    | Reached skill level 20 in Translocations
 32646 | Elf:3    | Received a gift from Nemelex Xobeh
 32746 | Elf:3    | Identified the beast talisman of Ubunuv {rF- rN+ Str+6}
 33436 | Elf:3    | Identified the +1 trident of the Twenty Dreams {flame,
                  | *Rage Str+2 Dex+6}
 33777 | Elf:3    | Identified the ring "Mong" {rC+ Will- rCorr EV+5}
 33988 | Elf:3    | Received a gift from Nemelex Xobeh
 34001 | Elf:3    | Noticed an Ice Fiend
 34001 | Elf:3    | Identified the ring of Wishful Thinking {rPois rF+ Will+
                  | Str-5 Slay+6}
 34032 | Elf:3    | Noticed a Brimstone Fiend
 34117 | Elf:3    | Identified the +0 hand axe of the Hurling Spider {flame,
                  | Contam Str+6 Dex+3}
 34144 | Elf:3    | Identified the staff "Lassevest" {rPois Str+4 Poison}
 34608 | Snake:1  | Bought the ring "Udotub Kaq" {rElec Will+ Stlth+} for 585
                  | gold pieces
 34731 | Swamp:1  | Entered Level 1 of the Swamp
 34779 | Swamp:1  | Received a gift from Nemelex Xobeh
 34919 | Swamp:1  | Reached skill level 21 in Translocations
 35214 | Swamp:2  | Noticed Pokonic1's ghost (journeyman DsFE)
 35221 | Swamp:2  | Found a transporter.
 35251 | Swamp:2  | Reached XP level 21. HP: 150/150 MP: 0/0
 35251 | Swamp:2  | Learned a level 8 spell: Lehudib's Crystal Spear
 35253 | Swamp:2  | Found a transporter.
 35278 | Swamp:2  | Identified the +9 quarterstaff of the Impish God {flame,
                  | Int+4}
 35351 | Swamp:2  | Received a gift from Nemelex Xobeh
 35567 | Swamp:2  | Received a gift from Nemelex Xobeh
 36228 | Swamp:3  | Reached skill level 5 in Polearms
 36263 | Swamp:3  | Received a gift from Nemelex Xobeh
 36553 | Swamp:3  | Received a gift from Nemelex Xobeh
 36784 | Swamp:4  | Entered Level 4 of the Swamp
 36983 | Swamp:4  | Got a decaying rune of Zot
 37033 | Swamp:4  | Reached skill level 22 in Translocations
 37230 | Swamp:4  | Received a gift from Nemelex Xobeh
 37696 | Vaults:1 | Entered Level 1 of the Vaults
 38442 | Vaults:1 | Noticed Norris
 38454 | Vaults:1 | Killed Norris
 38842 | Vaults:1 | Received a gift from Nemelex Xobeh
 38856 | Vaults:1 | Identified the +4 dagger of Xibb {speed, *Rage rPois rC++
                  | Dex+3}
 38900 | Vaults:1 | Reached XP level 22. HP: 135/158 MP: 0/0
 38953 | Vaults:1 | Found the +8 Wrath of Trog {antimagic, *Rage Rampage}
 39231 | Vaults:1 | Identified the serpent talisman of the Lute {rF+ Slay+2}
 39231 | Vaults:1 | Noticed Aizul
 39241 | Vaults:1 | Killed Aizul
 39278 | Vaults:1 | Received a gift from Nemelex Xobeh
 39393 | Vaults:1 | Found Wicwah's Jewellery Shop.
 39434 | Vaults:1 | Acquired the +7 Kryia's mail coat {PotionHeal*2 rC+}
 39434 | Vaults:1 | Found the +7 Kryia's mail coat {PotionHeal*2 rC+}
 39435 | Vaults:1 | Acquired a manual of Shields
 39520 | Vaults:1 | Noticed Asterion
 39523 | Vaults:1 | Killed Asterion
 40064 | Vaults:2 | Received a gift from Nemelex Xobeh
 40114 | Vaults:2 | Found Lukhanau's Weapon Boutique.
 40321 | Vaults:2 | Identified the +1 scale mail of the Rose {Contam rF+ Will+}
 40619 | Vaults:2 | Reached skill level 5 in Invocations
 40867 | Vaults:2 | Received a gift from Nemelex Xobeh
 40894 | Vaults:2 | Found Piag's Magic Scroll Boutique.
 40900 | Vaults:2 | Bought a scroll of fog for 72 gold pieces
 40900 | Vaults:2 | Bought a scroll of summoning for 171 gold pieces
 40900 | Vaults:2 | Bought a scroll of acquirement for 936 gold pieces
 40901 | Vaults:2 | Acquired the +10 demon trident "Igelyqan" {vamp, rPois rC+
                  | rCorr Int+3}
 41213 | Vaults:2 | Found Boaqaum's Book Shoppe.
 42015 | Vaults:3 | Received a gift from Nemelex Xobeh
 42015 | Vaults:3 | Noticed Boris
 42029 | Vaults:3 | Killed Boris
 42030 | Vaults:3 | Reached XP level 23. HP: 105/166 MP: 0/0
 42030 | Vaults:3 | Learned a level 7 spell: Orb of Destruction
 42319 | Vaults:3 | Noticed Nikola
 42330 | Vaults:3 | Killed Nikola
 42333 | Vaults:3 | Reached skill level 15 in Fighting
 42349 | Vaults:3 | Received a gift from Nemelex Xobeh
 42743 | Vaults:3 | Found a staircase to the Crypt.
 42939 | Vaults:4 | Received a gift from Nemelex Xobeh
 43292 | Vaults:4 | Identified the +5 orcbow of Bipres {flame, +Blink rElec
                  | MP+9}
 43402 | Vaults:4 | Identified the +2 long sword of Inwopluo {drain, rC+}
 43593 | Vaults:4 | Noticed Margery
 43886 | Vaults:4 | Reached skill level 23 in Translocations
 43931 | Vaults:4 | Killed Margery
 43937 | Vaults:4 | Received a gift from Nemelex Xobeh
 44210 | Vaults:4 | Reached skill level 15 in Shields
 44281 | Vaults:4 | Identified the +0 robe of Divine Compulsion {Dex+3}
 44724 | Snake:1  | Killed Kuhuqe's ghost
 44727 | Snake:1  | Killed Qaoc's ghost
 44746 | Snake:1  | Identified the ring "Foqyum" {rElec rPois Int+4 SInv}
 45308 | Depths:1 | Entered Level 1 of the Depths
 45689 | Depths:1 | Received a gift from Nemelex Xobeh
 45822 | Depths:1 | Reached skill level 5 in Ranged Weapons
 45836 | Depths:1 | Identified the +3 battleaxe "Xugagus" {flame, Drain rPois
                  | Will+++ Stlth+}
 45865 | Depths:1 | Found a gateway to Hell.
 46343 | Depths:2 | Received a gift from Nemelex Xobeh
 46399 | Depths:2 | Reached XP level 24. HP: 173/173 MP: 0/0
 46627 | Depths:2 | Acquired a manual of Air Magic
 46786 | Depths:2 | Reached skill level 24 in Translocations
 46911 | Depths:2 | HP: 4/173 [spriggan defender simulacrum (13)]
 46914 | Depths:2 | Slain by a spark wasp simulacrum

Illustrated notes

Levels and vault maps discovered:
D:1:      nicolae_arrival_somewhat_less_tricky_arrival, layout_basic,
          st_stairs_3, minmay_tall_x
D:2:      layout_rooms, minmay_pentomino_z4, uniq_robin, uniq_sigmund
D:3:      layout_basic, serial_bayou_ford_a, minmay_misc_feat_cross,
          kennysheep_generic_room_2
D:4:      layout_cave_pools
D:5:      layout_gridville, mainiacjoe_overflow_concentric_impassable,
          kennysheep_generic_room_12
D:6:      minmay_clustersquares, layout_rooms
D:7:      layout_gridville, minmay_temple_entry_large_hall, feat_on_display,
          uniq_duvessa, uniq_pikel, uniq_joseph
D:8:      layout_loops_ring, mainiacjoe_overflow_alcove_1, corexii_corridor_pit
D:9:      layout_loops_cross, chequers_temple_overflow_statue_of_worship,
          enter_bailey_3, minmay_statue_crystal_thing
D:10:     layout_basic, lair_entry_dummy, orc_0_dummy, uniq_harold, uniq_urug
D:11:     layout_gridville, minivault_23
D:12:     layout_stronghold, nicolae_trove_entry_path_of_doom
D:13:     layout_big_octagon, ebering_ghost_reflecting_pool, serial_shops,
          nicolae_shop_stone, marbit_kobold_abyssish
D:14:     layout_basic, lightli_vaults_fourway_checkpoint,
          hangedman_decor_points, minivault_16, bh_circular_ruins
D:15:     gammafunk_depths_entry_grave, layout_small_grid,
          hangedman_abyss_or_decor_stagger, ebering_ghost_funeral_grove,
          hangedman_aviary
Temple:   nicolae_temple_superstar
Lair:1:   layout_gridlike, serial_bayou_lagoon_b, grunt_megastairs_4
Lair:2:   layout_roguey, mainiacjoe_swamp_entry_angry_trees,
          alex1729_snake_entry_snake
Lair:3:   layout_gridlike, eino_house_with_fridge, infiniplex_staircase_pool,
          grunt_megastairs_5, serial_bayou_shore_b
Lair:4:   layout_gridlike
Lair:5:   minmay_lair_end_frog_pond, layout_cave_shapes,
          nicolae_slime_entry_field_trip, special_room
          [special_room_mythical_zoo]
Swamp:1:  layout_basic_swamp, nicolae_swamp_bean_lake, swamp_pool_3
Swamp:2:  nicolae_swamp_phyte_club, layout_basic_swamp, gammafunk_ghost_arena,
          evilmike_swamp_ruin_house_2, swamp_pool_3,
          nicolae_swamp_wisp_ring_woods
Swamp:3:  layout_basic_swamp, nicolae_swamp_godswood,
          infiniplex_staircase_pool_2, nicolae_swamp_decorative_isthmus
Swamp:4:  grunt_swamp_rune_castle, layout_basic_swamp, grunt_hermit_hut
Snake:1:  layout_honeycomb, gammafunk_ghost_cemetery, minmay_shoptagon,
          uniq_agnes
Snake:2:  cheibrodos_toxic_ritual, layout_misc_corridors, basic_altar
Snake:3:  layout_grid_shapes
Snake:4:  grunt_snake_rune_spirals, layout_concentric_octagons,
          hangedman_snake_pattern, grunt_ministairs_5
Orc:1:    layout_diamond_mine, portal_ice_cave_demonic_guard
Orc:2:    st_orc_town, layout_diamond_mine
Elf:1:    elf_arrival_001, layout_loops_corners, minmay_elf_demonology,
          uniq_frances, uniq_donald
Elf:2:    elven_hall_of_blades_hangedman_alternative
          [nooodl_blade_entry_preview], layout_gridlike
Elf:3:    minmay_elf_hall_curves, layout_onion_city, grunt_ministairs_1
Vaults:1: nicolae_vaults_spaceships, nooodl_orcs_dogs,
          nicolae_vaults_little_squares_6, nicolae_vaults_arrows,
          vaults_room_semicircle, nicolae_vaults_double_plus_2, minmay_orc_keep,
          nicolae_vaults_closet_pinwheel_4, v_alt_pattern_1, v_misc_30,
          hangedman_vaults_corner_blocks, layout_vaults_maze_bifur,
          serial_shops, shop_statue, uniq_aizul, uniq_norris, uniq_asterion
Vaults:2: ontoclasm_vaults_eye, nicolae_vaults_double_plus_2,
          nicolae_vaults_network_quincunx
          [nicolae_vaults_network_quincunx_subvault,
          nicolae_vaults_network_quincunx_subvault,
          nicolae_vaults_network_quincunx_subvault,
          nicolae_vaults_network_quincunx_subvault,
          nicolae_vaults_network_quincunx_subvault],
          nicolae_vaults_storage_closets_1,
          nicolae_vaults_taking_the_gang_shopping,
          nicolae_vaults_diagonal_hallway_7, nicolae_vaults_closet_pinwheel_4,
          grunt_vaults_diagonal, ontoclasm_vaults_twist,
          nicolae_vaults_trapezoid_lopsided_1, nicolae_vaults_storage_closets_3,
          layout_vaults_big_room, serial_shops, nicolae_shop_statue_plus, shop,
          serial_hangedman_research, hangedman_research_toxicology
Vaults:3: vaults_room_fours, nicolae_vaults_diamond_1, dpeg_vaults_waves,
          minmay_crypt_entry_simple_round, nicolae_vaults_shelves_hall,
          nicolae_vaults_trapezoid_2, vaults_room_grid, vaults_dpeg_ring,
          layout_vaults_omnigrid, uniq_nikola, uniq_boris
Vaults:4: nicolae_vaults_more_shelving_1, nicolae_vaults_puzzle_piece,
          nicolae_vaults_network_quinsquares
          [nicolae_vaults_network_quincunx_subvault,
          nicolae_vaults_network_quincunx_subvault,
          nicolae_vaults_network_quincunx_subvault,
          nicolae_vaults_network_quincunx_subvault], vaults_dpeg_hooks,
          hangedman_vaults_hat, nicolae_vaults_trapezoid_lopsided_2,
          nicolae_vaults_closet_pinwheel_4, v_misc_13, nicolae_vaults_house_3,
          st_quartered_hall, nicolae_vaults_trapezoid_lopsided_1,
          nicolae_vaults_closet_pinwheel_6, nicolae_vaults_trapezoid_lopsided_3,
          layout_vaults_ring, uniq_margery
Depths:1: layout_cave_shapes, hell_entry, hangedman_abyss_or_decor_clamps,
          roderic_lattice_a, kennysheep_generic_room_8
Depths:2: box_level_dp, hell_entry, pan_entry

Skill      XL: |  1  2  3  4  5  6  7  8  9 10 11 12 13 14 15 16 17 18 19 20 21 22 23 24 |
---------------+-------------------------------------------------------------------------+-----
Stealth        | 2 |  2.0
Spellcasting   | 4 5 7 9 10 12 13 14 15 16 17 18 19 20 | 20.9
Conjurations   | 4 5 7 9 10 12 13 14 15 16 17 18 19 20 | 20.9
Hexes          | 4 5 7 9 10 12 13 14 15 16 17 18 19 20 | 20.9
Summonings     | 4 5 7 9 10 12 13 14 15 16 17 18 19 20 | 20.9
Necromancy     | 4 5 7 9 10 12 13 14 15 16 17 18 19 20 | 20.9
Translocations | 4 5 7 9 10 12 13 14 15 17 19 21 22 23 24 | 24.6
Transmutations | 4 5 7 9 10 12 13 14 15 16 17 18 19 20 | 20.9
Fire Magic     | 4 5 7 9 10 12 13 14 15 16 17 18 19 20 | 20.9
Ice Magic      | 4 5 7 9 10 12 13 14 15 16 17 18 19 20 | 20.9
Air Magic      | 4 5 7 9 10 12 13 14 15 16 17 18 19 20 21 | 21.3
Earth Magic    | 4 5 7 9 10 12 13 14 15 16 17 18 19 20 | 20.9
Poison Magic   | 4 5 7 9 10 12 13 14 15 16 17 18 19 20 | 20.9
Fighting       | 2 3 4 5 7 9 10 11 13 14 15 | 15.0
Armour         | 2 3 4 5 7 9 10 12 13 | 13.0
Dodging        | 3 4 6 8 10 12 13 14 | 14.0
Evocations     | 2 3 4 5 |  5.0
Long Blades    | 3 5 |  5.0
Invocations    | 3 5 |  5.0
Staves         | 2 4 5 |  5.0
Shields        | 5 7 10 12 13 15 | 15.0
Ranged Weapons | 1 5 |  5.0
Polearms       | 2 4 5 6 8 9 |  9.5

Action                     |  1- 3 |  4- 6 |  7- 9 | 10-12 | 13-15 | 16-18 | 19-21 | 22-24 || total
---------------------------+-------+-------+-------+-------+-------+-------+-------+-------++-------
  Melee: Short sword       |    32 |     1 |       |       |       |       |       |       ||    33
         Halberd           |       |   123 |   137 |       |       |       |       |       ||   260
         Dagger            |       |       |     6 |       |       |       |       |       ||     6
         Falchion          |       |       |       |    84 |       |       |       |       ||    84
         Punch             |       |       |       |     3 |     1 |       |       |       ||     4
         Staff             |       |       |       |    17 |   144 |    44 |    23 |     6 ||   234
         Trident           |       |       |       |       |       |       |   101 |       ||   101
         Demon trident     |       |       |       |       |       |       |       |   143 ||   143
   Fire: Hand cannon       |       |       |       |       |       |       |       |     2 ||     2
  Throw: Boomerang         |       |       |     1 |     3 |       |       |       |       ||     4
         Dart              |       |       |       |     2 |       |       |       |       ||     2
         Javelin           |       |       |       |     3 |       |       |       |       ||     3
         Throwing net      |       |       |       |       |     1 |       |       |       ||     1
   Cast: Freeze            |    48 |    54 |    14 |     6 |    14 |     7 |     6 |     3 ||   152
         Frozen Ramparts   |       |     2 |    18 |    41 |    81 |    62 |    26 |    24 ||   254
         Ozocubu's Armour  |       |     1 |    16 |    42 |    84 |    60 |    33 |    28 ||   264
         Call Canine Famil |       |       |     1 |    37 |    23 |    19 |    59 |     9 ||   148
         Wereblood         |       |       |     1 |       |       |       |       |       ||     1
         Summon Ice Beast  |       |       |       |    41 |   112 |    49 |    67 |    25 ||   294
         Olgreb's Toxic Ra |       |       |       |    52 |   174 |    26 |    65 |    49 ||   366
         Sticky Flame      |       |       |       |    30 |    45 |    51 |    44 |     9 ||   179
         Slow              |       |       |       |     6 |    29 |     3 |       |       ||    38
         Freezing Cloud    |       |       |       |       |    10 |    22 |    73 |    54 ||   159
         Conjure Ball Ligh |       |       |       |       |     2 |       |     1 |       ||     3
         Simulacrum        |       |       |       |       |       |   120 |   234 |   240 ||   594
         Plasma Beam       |       |       |       |       |       |       |    48 |    27 ||    75
         Lehudib's Crystal |       |       |       |       |       |       |     3 |    53 ||    56
         Orb of Destructio |       |       |       |       |       |       |       |     1 ||     1
 Invoke: Draw Escape       |       |       |       |     2 |     1 |       |     1 |       ||     4
         Draw Destruction  |       |       |       |     1 |    11 |     2 |    11 |     2 ||    27
         Draw Summoning    |       |       |       |       |       |       |     3 |     4 ||     7
  Evoke: Wand              |       |       |       |     6 |     1 |       |       |       ||     7
    Use: Scroll            |       |       |     7 |    14 |     9 |     7 |    12 |    18 ||    67
         Potion            |       |       |       |     1 |     1 |     1 |     7 |     6 ||    16
   Stab: Sleeping          |     1 |     5 |     1 |     1 |     2 |       |     1 |     3 ||    14
         Distracted        |       |     1 |       |       |     3 |       |     6 |     4 ||    14
 Armour: Robe              |    31 |       |       |       |       |       |     8 |       ||    39
         Leather armour    |     9 |   143 |   132 |    77 |       |       |       |       ||   361
         Skin              |       |       |       |     1 |       |       |       |       ||     1
         Scale mail        |       |       |       |    96 |    20 |       |       |       ||   116
         Ring mail         |       |       |       |       |   312 |   207 |   257 |   175 ||   951
  Dodge: Dodged            |    45 |   123 |   130 |   101 |   410 |   177 |   152 |   122 ||  1260
  Block: Kite shield       |       |       |       |       |       |   229 |   259 |   256 ||   744
         Reflection        |       |       |       |       |       |    18 |    26 |    48 ||    92

Table legend: (Time is in decaauts)
 A = Elapsed time spent in this place.
 B = Non-inter-level travel time spent in this place.
 C = Inter-level travel time spent in this place.
 D = Time resting spent in this place.
 E = Time spent auto-exploring this place.
 F = Levels seen in this place.
 G = Mean time per level.
                   A        B        C        D        E       F      G
               +--------+--------+--------+--------+--------+-----+--------+
         Total |  47108 |  42520 |   4588 |   3833 |  23220 |  42 | 1121.6 |
       Dungeon |  17385 |  15573 |   1812 |   1980 |   9836 |  15 | 1159.0 |
        Temple |     26 |     14 |     12 |      0 |      0 |   1 |   26.0 |
          Lair |   5598 |   4699 |    899 |    120 |   3222 |   5 | 1119.6 |
         Swamp |   2856 |   2691 |    165 |      2 |   1492 |   4 |  714.0 |
     Snake Pit |   4280 |   3855 |    425 |      7 |   1781 |   4 | 1070.0 |
  Orcish Mines |   2083 |   1654 |    429 |     88 |    909 |   2 | 1041.5 |
   Elven Halls |   5614 |   5111 |    503 |    572 |   2162 |   3 | 1871.3 |
        Vaults |   6141 |   5824 |    317 |    473 |   3174 |   4 | 1535.2 |
        Depths |   1602 |   1579 |     23 |     17 |    534 |   2 |  801.0 |
        Bailey |    898 |    898 |      0 |    496 |     11 |   1 |  898.0 |
      Ice Cave |    620 |    620 |      0 |     78 |     99 |   1 |  620.0 |
               +--------+--------+--------+--------+--------+-----+--------+

Top non-repeatable levels by time:
   Elf:3: 2060 daAuts
   Elf:2: 1874 daAuts
    D:14: 1824 daAuts
   Elf:1: 1678 daAuts
Vaults:1: 1663 daAuts
Vaults:3: 1614 daAuts
  Lair:2: 1612 daAuts
    D:15: 1509 daAuts
     D:3: 1462 daAuts
Vaults:4: 1456 daAuts
     D:8: 1426 daAuts
Vaults:2: 1407 daAuts
 Snake:4: 1405 daAuts
  Lair:5: 1339 daAuts
   Orc:2: 1326 daAuts
